 Dungeon Crawl Stone Soup version 0.22-a0-479-gc6e99f3 (webtiles) character file.

410 pk666 the Magician (level 6, -2/32 HPs)
             Began as a Deep Elf Fire Elementalist on June 14, 2018.
             Slain by a river rat (7 damage)
             ... summoned by Nib's ghost
             ... on level 3 of the Dungeon.
             The game lasted 00:08:34 (4309 turns).

pk666 the Magician (Deep Elf Fire Elementalist)     Turns: 4309, Time: 00:08:34

Health: -2/32      AC:  2    Str:  5    XL:     6   Next: 58%
Magic:  2/16       EV: 12    Int: 22    God:
Gold:   221        SH:  4    Dex: 15    Spells: 7/15 levels left

rFire    . . .     SeeInvis .   (no weapon)
rCold    . . .     Gourm    .   (no shield)
rNeg     . . .     Faith    .   a - +0 robe
rPois    .         Spirit   .   (no helmet)
rElec    .         Reflect  +   (no cloak)
rCorr    .         Harm     .   (no gloves)
MR       .....                  (no boots)
Stlth    ++........             d - +4 amulet of reflection
HPRegen  0.10/turn              (no ring)
MPRegen  0.15/turn              (no ring)

@: drained
A: no striking features
a: no special abilities


You were on level 3 of the Dungeon.
You were not hungry.

You visited 1 branch of the dungeon, and saw 6 of its levels.

You collected 221 gold pieces.

Inventory:

Armour
 a - a +0 robe (worn)
Jewellery
 d - a +4 amulet of reflection (around neck)
 m - a +6 ring of evasion {unknown}
Wands
 o - a wand of random effects (32)
Scrolls
 e - 2 scrolls of enchant weapon {unknown}
 f - 5 scrolls of identify {unknown}
 h - 2 scrolls of blinking {unknown}
 i - 3 scrolls of teleportation {unknown}
 j - a scroll of enchant armour {unknown}
 k - a scroll of remove curse {unknown}
Potions
 b - 2 potions of haste {unknown}
 g - 3 potions of curing {unknown}
 l - 2 potions of mutation {unknown}
 n - a potion of invisibility {unknown}
Comestibles
 c - 7 rations


   Skills:
 - Level 2.4(1.6) Dodging
 - Level 2.4(1.6) Stealth
 + Level 5.4(4.6) Spellcasting
 + Level 5.1(4.3) Conjurations
 + Level 5.0(4.2) Fire Magic


You had 7 spell levels left.
You knew the following spells:

 Your Spells              Type           Power        Failure   Level  Hunger
a - Flame Tongue          Conj/Fire      ###..        1%          1    None
b - Sticky Flame          Conj/Fire      ###.....     19%         4    ####...
c - Conjure Flame         Conj/Fire      ###.....     5%          3    ##.....

Your spell library contained the following spells:

 Spells                   Type           Power        Failure   Level  Hunger
 Fireball                 Conj/Fire      ###.......   45%         5    #####..
 Throw Flame              Conj/Fire      ###...       2%          2    None
 Inner Flame              Hex/Fire       ##......     13%         3    ##.....


Dungeon Overview and Level Annotations

Branches:
Dungeon (6/15)
 Temple: D:4-7

Altars:
Kikubaaqudgha
Okawaru
Zin

Annotations:
D:3 Nib's ghost, amateur BaSu


Message History

You hit Nib's ghost but do no damage.
Nib's ghost is almost destroyed.
The bat barely misses you.
Nib's ghost hits you but does no damage.
You feel drained.
The crimson imp blinks!
The bat completely misses you. x2
The bat hits you but does no damage.
Nib's ghost mumbles some strange words.
The crimson imp hits you but does no damage.
The bat hits you but does no damage. The bat closely misses you.
The bat hits you.
* * * LOW HITPOINT WARNING * * *
You block the bat's attack. The bat hits you but does no damage.
The bat closely misses you.
The crimson imp blinks!
You block the bat's attack. The bat closely misses you. x2
The bat hits you but does no damage. You block the bat's attack.
The bat closely misses you. The bat misses you. The bat barely misses you.
The river rat bites you!
You die...

##### ########..###
#############...#####.....##..# #
.......W......#....##......#..###
##...######.#.w.##5##......#.#...
#.....# #b##W###W##..)........#
##...## #W#5.# #.##......#.####
##.## #.#.## #.##......#..... #.#
#.#.####.##.##..####### #.#
#....r@bb##.....# ##'##
###.##########.## ##...## #.#
###.### #.....#######.####
###.....## .......##.....<..#
#...###..## #
........#.##...#.###.#.# #...####
........'..............###......'
........#.##...#.###.#.......####
.......##.##..##.# #.###.##.## #


You could see a river rat and 2 bats.

Vanquished Creatures
  An ogre (D:4)
  A bullfrog zombie (D:3)
  An iguana (D:3)
  5 worker ants
  A hound zombie (D:3)
  Robin (D:3)
  5 adders
  An ooze (D:3)
  An adder skeleton (D:4)
  2 leopard geckos
  A ball python (D:4)
  5 bats
  2 giant cockroaches
  16 goblins
  14 hobgoblins
  2 jackals (D:2)
  6 kobolds
  4 frilled lizards
  8 rats
77 creatures vanquished.

Vanquished Creatures (others)
  A goblin (D:2)
1 creature vanquished.

Grand Total: 78 creatures vanquished

Notes
Turn   | Place    | Note
-------+----------+-------------------------------------------
     0 | D:1      | pk666 the Deep Elf Fire Elementalist began the quest for the Orb.
     0 | D:1      | Reached XP level 1. HP: 10/10 MP: 6/6
   214 | D:1      | Reached XP level 2. HP: 15/15 MP: 6/8
  1051 | D:2      | Reached XP level 3. HP: 9/19 MP: 1/10
  2268 | D:3      | Found a glowing silver altar of Zin.
  2293 | D:3      | Reached XP level 4. HP: 24/24 MP: 7/11
  2797 | D:3      | Found an ancient bone altar of Kikubaaqudgha.
  2955 | D:3      | Noticed Robin
  2965 | D:3      | Reached XP level 5. HP: 22/28 MP: 2/13
  3014 | D:3      | Killed Robin
  3137 | D:3      | You fall through a shaft for 3 floors!
  3145 | D:5      | Entered Level 5 of the Dungeon
  3153 | D:5      | Found an iron altar of Okawaru.
  3163 | D:5      | Noticed a sky beast
  3496 | D:4      | Noticed an ogre
  3568 | D:4      | Learned a level 4 spell: Sticky Flame
  3572 | D:4      | Learned a level 3 spell: Conjure Flame
  3591 | D:4      | Killed an ogre
  3591 | D:4      | Reached skill level 5 in Spellcasting
  3591 | D:4      | Reached XP level 6. HP: 32/32 MP: 3/15
  3697 | D:4      | Reached skill level 5 in Conjurations
  3940 | D:3      | Reached skill level 5 in Fire Magic
  4184 | D:3      | Noticed Nib's ghost (amateur BaSu)
  4309 | D:3      | Slain by a river rat

Vault maps used:
D:1:      onia_arrival_mini_maze_b
D:2:      first_ration, minivault_27, grunt_decor_arrowhead,
          minmay_goblin_outpost
D:3:      marbit_many_paths, zin_academy, uniq_robin
D:5:      makhleb_grotto_becter, ashenzari_conservatory_becter,
          lemuel_doored_altar, okawaru_ov_weapons_minmay
D:6:      minmay_temple_entry_enclosed_plants, cheibrodos_sewer_entry_drain,
          fountainhead, serial_bayou_pond_e, st_stairs_3

Skill      XL: |  1  2  3  4  5  6 |
---------------+-------------------+-----
Conjurations   | 2 3 4 5 |  5.1
Spellcasting   | 4 5 |  5.4
Fire Magic     | 4 5 |  5.0
Dodging        | |  2.4
Stealth        | |  2.4

Action                   |  1- 3 |  4- 6 || total
-------------------------+-------+-------++-------
Melee: Unarmed           |     1 |     6 ||     7
 Cast: Flame Tongue      |    65 |   104 ||   169
       Conjure Flame     |       |     3 ||     3
  Eat: Chunk             |     4 |     6 ||    10
Armor: Robe              |     4 |    14 ||    18
Dodge: Dodged            |    13 |    61 ||    74
Block: Other             |     4 |    17 ||    21
       Reflection        |     1 |       ||     1

Table legend:
 A = Spawn XP
 B = Non-spawn XP
 C = Spawn XP percentage of total XP
 D = Spawn monster count
 E = Non-spawn monster count
 F = Spawn count percentage of total count
 G = Total turns spent on level
                    A         B        C        D         E        F      G
               +---------+---------+-------+---------+---------+-------+---------
         Total |       0 |     587 |   0.0 |       0 |      78 |   0.0 |  4309
               +---------+---------+-------+---------+---------+-------+---------
           D:1 |       0 |      23 |   0.0 |       0 |      15 |   0.0 |   991
           D:2 |       0 |      61 |   0.0 |       0 |      22 |   0.0 |  1202
           D:3 |       0 |     214 |   0.0 |       0 |      32 |   0.0 |  1315
           D:4 |       0 |     289 |   0.0 |       0 |       9 |   0.0 |   701
               +---------+---------+-------+---------+---------+-------+---------
